AoeStats
← [KMNB] Bandeira

Lombardia

509870019Analyzed
3v3 RM · 3d ago on Sep 28, 2026· 44m 30s· 6 players
Game mode
Random Map
Map size
Normal (6 player)
Population
200
Speed
Normal
Resources
Standard
Victory
Conquest
Starting age
Dark Age
Ending age
Imperial Age
RankedLock teamsTeams togetherTeam positionsShared explorationLock speedFull tech treeHidden civsTurbo modeCheats
Victory
Defeat
🇨🇳 Spanish · China
1569
+14
🇦🇺 Magyars · Australia
1536
+16
🇩🇪 Mongols · Germany
1508
+16
🇧🇷 Varangians · Brazil
1568
-17
🇧🇷 Saracens · Brazil
1525
-15
🇧🇷 Italians · Brazil
1488
-14
Bobo
8:29 Feudal Age
7:23 Loom
9:03 Double-Bit Axe
11:03 Horse Collar
14:05 Forging
15:59 Wheelbarrow
21:46 Castle Age
20:35 Scale Barding Armor
21:24 Town Watch
22:12 Bloodlines
22:29 Light Cavalry
23:10 Husbandry
24:00 Bow Saw
27:31 Heavy Plow
29:29 Chain Barding Armor
31:24 Iron Casting
42:59 Padded Archer Armor
44:03 Fletching
Phenytoin
6:00 Loom
9:04 Feudal Age
10:41 Double-Bit Axe
10:36 Horse Collar
20:39 Castle Age
18:33 Gold Mining
19:29 Bloodlines
20:37 Scale Barding Armor
23:09 Bow Saw
28:37 Wheelbarrow
30:32 Stone Mining
31:40 Chain Barding Armor
31:46 Husbandry
35:37 Heavy Plow
36:14 Gold Shaft Mining
36:52 Hand Cart
39:54 Imperial Age
39:57 Cavalier
41:14 Plate Barding Armor
41:02 Conscription
41:27 Paladin
歪歪老登
10:19 Feudal Age
14:45 Castle Age
13:34 Double-Bit Axe
16:25 Padded Archer Armor
22:43 Loom
23:33 Horse Collar
25:05 Bow Saw
26:07 Heavy Plow
28:47 Wheelbarrow
30:01 Gold Mining
31:39 Scale Barding Armor
32:29 Husbandry
32:39 Bloodlines
35:29 Imperial Age
34:09 Chain Barding Armor
34:59 Forging
36:28 Iron Casting
35:57 Stone Mining
37:07 Plate Barding Armor
38:10 Blast Furnace
37:32 Conscription
36:38 Cavalier
38:09 Paladin
40:35 Hand Cart
42:37 Two-Man Saw
43:39 Fletching
[KMNB] Galodoido
8:27 Feudal Age
7:00 Loom
17:46 Double-Bit Axe
22:48 Castle Age
21:09 Gold Mining
21:55 Fletching
22:03 Horse Collar
22:34 Padded Archer Armor
22:53 Crossbowman
25:27 Bodkin Arrow
25:57 Ballistics
27:02 Leather Archer Armor
28:18 Bow Saw
29:38 Heavy Plow
32:09 Gold Shaft Mining
31:25 Stone Mining
34:53 Wheelbarrow
37:29 Hand Cart
40:09 Imperial Age
37:58 Forging
37:54 Scale Barding Armor
39:57 Iron Casting
39:39 Bloodlines
39:29 Husbandry
40:19 Chain Barding Armor
40:35 Thumb Ring
40:11 Arbalester
41:16 Bracer
42:53 Chemistry
42:25 Ring Archer Armor
41:29 Arbalester
44:21 Murder Holes
[KMNB] Bandeira
7:08 Loom
10:02 Feudal Age
10:40 Double-Bit Axe
11:07 Horse Collar
17:11 Bloodlines
18:00 Forging
21:03 Scale Barding Armor
22:02 Wheelbarrow
24:57 Castle Age
24:49 Gold Mining
25:00 Light Cavalry
25:41 Husbandry
27:59 Bow Saw
29:03 Heavy Plow
30:28 Chain Barding Armor
38:38 Iron Casting
40:29 Stone Mining
44:35 Imperial Age
[KMNB] Dedão
6:35 Loom
9:18 Feudal Age
9:58 Double-Bit Axe
14:45 Fletching
17:04 Horse Collar
18:34 Wheelbarrow
18:17 Padded Archer Armor
23:31 Castle Age
22:03 Gold Mining
23:00 Stone Mining
23:45 Crossbowman
24:54 Bodkin Arrow
26:54 Bow Saw
27:26 Heated Shot
28:00 Ballistics
28:26 Leather Archer Armor
28:59 Hand Cart
33:27 Town Watch
38:29 Imperial Age
39:13 Bracer
40:26 Chemistry
38:51 Elite Genoese Crossbowman
41:18 Ring Archer Armor
41:00 Forging
41:13 Conscription
41:12 Heavy Plow
Connection lost

Rejoining the realm…

Still unreachable

The connection could not be restored.

Session expired

The server has moved on; the page needs a fresh start.